Map: Acid Plant LE

Players

TRUE - Winner!

  • Race: Zerg Zerg
  • Spawn Location: 11:00

Elazer

  • Race: Zerg Zerg
  • Spawn Location: 5:00

Event: WCS Leipzig 2018

VOD

Have the link to the VOD?

Description

Time

  • Played on: Jan. 26, 2018, 1:17 p.m.
  • Length: 9:55

All games in this series

Show
View Real Time Build Order
Export as new Build Order

TRUE Zerg - Winner!

Build Orders: Hatch First 

Get SALT Encoding   

  12  0:00  Drone  
  13  0:12  Overlord  
  13  0:16  Drone  
  14  0:30  Drone x2  
  14  0:34  Drone  
  17  0:51  Hatchery  
  17  0:55  Drone  
  17  0:57  Drone  
  17  1:02  Extractor  
  17  1:13  Spawning Pool  
  17  1:16  Drone  
  17  1:20  Drone  
  18  1:28  Drone  
  19  1:39  Overlord  
  19  2:00  Queen  
  21  2:03  Queen  
  21  2:04  Metabolic Boost  
  21  2:06  Drone x2  
  21  2:07  Drone  
  26  2:11  Drone  
  26  2:14  Drone  
  28  2:21  Drone  
  29  2:36  Hatchery  
  28  2:40  Baneling Nest  
  28  2:42  Drone  
  28  2:45  Drone  
  28  2:47  Zergling x2  
  30  2:52  Overlord  
  30  2:56  Drone  
  30  2:57  Drone  
  32  2:59  Drone  
  33  3:11  Lair  
  33  3:13  Zergling x2  
  33  3:14  Zergling x2  
  33  3:15  Extractor  
  33  3:16  Drone  
  33  3:17  Drone  
  33  3:19  Drone  
  37  3:21  Drone  
  37  3:25  Drone x2  
  40  3:35  Baneling  
  40  3:36  Zergling x2  
  40  3:37  Drone x3  
  44  3:43  Drone, Extractor  
  44  3:44  Overlord  
  44  3:49  Drone x2  
  44  3:50  Zergling x2  
  44  3:51  Zergling x2  
  44  3:52  Zergling x2  
  44  3:54  Zergling x2  
  50  4:09  Spire  
  49  4:12  Extractor  
  49  4:15  Drone x4  
  49  4:16  Zergling x6  
  55  4:18  Zergling x2  
  55  4:21  Drone  
  55  4:22  Drone  
  58  4:25  Overlord  
  57  4:33  Spine Crawler  
  56  4:42  Spine Crawler  
  48  4:46  Zergling x2  
  48  4:47  Zergling x12  
  48  4:50  Zergling x4  
  48  4:51  Zergling x2  
  58  4:53  Zergling x2  
  58  4:55  Zergling x2  
  58  4:57  Zergling x2  
  61  5:03  Zergling x6  
  61  5:04  Zergling x2  
  61  5:07  Zergling x2  
  61  5:11  Baneling  
  61  5:12  Baneling  
  62  5:20  Mutalisk  
  64  5:24  Overlord  
  64  5:25  Overlord  
  64  5:36  Baneling  
  64  5:39  Baneling x2, Mutalisk  
  64  5:42  Mutalisk x2  
  65  5:43  Mutalisk x2  
  65  5:49  Mutalisk  
  74  5:51  Baneling x2  
  74  5:56  Mutalisk  
  73  6:05  Mutalisk  
  59  6:20  Zergling x14  
  59  6:23  Mutalisk  
  65  6:27  Baneling  
  65  6:28  Zergling x2  
  65  6:30  Zergling x2  
  67  6:34  Zergling x2  
  67  6:38  Baneling  
  67  6:39  Baneling  
  68  6:41  Zergling x2  
  68  6:42  Baneling  
  68  6:44  Zergling x2  
  70  6:47  Zergling x4  
  70  6:49  Zergling x2  
  70  6:51  Zergling x2  
  74  6:55  Overlord  
  74  7:01  Overlord  
  73  7:02  Zergling x4  
  73  7:03  Baneling x2  
  73  7:04  Baneling  
  73  7:08  Zergling x2  
  75  7:09  Zergling x2  
  75  7:10  Zergling x2  
  75  7:13  Overlord  
  77  7:19  Zergling x2  
  77  7:20  Zergling x2  
  79  7:27  Zergling x4  
  79  7:28  Zergling x2  
  82  7:30  Zergling x2  
  82  7:36  Mutalisk  
  83  7:43  Mutalisk  
  83  7:51  Mutalisk  
  87  8:05  Mutalisk  
  87  8:07  Hatchery  
  87  8:10  Zergling x8  
  87  8:11  Zergling x2  
  87  8:12  Zergling x2  
  92  8:18  Mutalisk  
  76  8:28  Mutalisk  
  76  8:32  Zergling x2  
  76  8:33  Zergling x4  
  79  8:38  Queen  
  79  8:40  Zergling x4  
  83  8:43  Mutalisk  
  85  8:50  Mutalisk  
  84  9:05  Mutalisk  
  80  9:10  Mutalisk  
  82  9:21  Mutalisk  
  82  9:23  Zergling x8  
  82  9:35  Overlord  
Show
View Real Time Build Order
Export as new Build Order

Elazer Zerg 

Build Orders: Hatch First 

Get SALT Encoding   

  12  0:00  Drone  
  13  0:12  Overlord  
  13  0:16  Drone  
  14  0:30  Drone x2  
  14  0:34  Drone  
  17  0:50  Hatchery  
  17  0:53  Drone  
  17  0:57  Drone  
  18  1:07  Extractor  
  17  1:11  Spawning Pool  
  17  1:14  Drone  
  17  1:17  Drone  
  18  1:27  Drone  
  19  1:38  Drone  
  20  1:49  Overlord  
  20  1:58  Queen  
  22  2:02  Queen  
  22  2:03  Drone x2  
  22  2:06  Metabolic Boost  
  26  2:11  Drone  
  26  2:13  Drone  
  28  2:22  Drone  
  29  2:24  Drone  
  30  2:36  Drone, Hatchery  
  30  2:37  Drone  
  30  2:44  Baneling Nest  
  30  2:46  Overlord  
  30  2:50  Drone  
  31  2:54  Drone  
  31  2:56  Zergling x2  
  33  3:05  Zergling x2  
  34  3:07  Zergling x6  
  34  3:08  Queen  
  39  3:16  Overlord  
  39  3:18  Drone x2  
  41  3:29  Drone x2  
  43  3:37  Evolution Chamber  
  43  3:38  Drone x4  
  43  3:40  Drone x2  
  49  3:41  Drone  
  49  3:45  Drone  
  50  3:52  Overlord  
  50  3:53  Drone x2  
  51  3:59  Extractor  
  51  4:00  Extractor, Roach Warren  
  48  4:06  Overlord  
  48  4:08  Overlord  
  48  4:10  Overlord, Zerg Missile Weapons Level 1  
  48  4:11  Drone  
  48  4:13  Overlord  
  48  4:16  Baneling x2  
  49  4:19  Zergling x2  
  49  4:20  Zergling x4  
  52  4:24  Zergling x6  
  52  4:29  Overlord  
  53  4:32  Zergling x4  
  51  4:41  Zergling x2  
  51  4:42  Zergling x8  
  55  4:50  Baneling x2  
  54  4:54  Roach x4  
  54  4:59  Roach x2  
  66  5:03  Roach x2  
  67  5:07  Roach  
  67  5:12  Roach  
  67  5:13  Roach  
  73  5:16  Baneling x5  
  73  5:18  Zergling x2  
  73  5:21  Baneling  
  74  5:22  Baneling  
  74  5:25  Zergling x2  
  74  5:26  Zergling x4  
  77  5:31  Baneling x2  
  77  5:35  Zergling x8  
  81  5:36  Baneling x2  
  81  5:38  Zergling x4  
  81  5:42  Baneling  
  81  5:49  Zergling x2  
  79  5:50  Zergling x8  
  81  5:57  Zergling x2  
  81  5:58  Zergling x2  
  81  6:00  Baneling  
  81  6:01  Baneling x6  
  79  6:06  Zergling x4  
  79  6:09  Zergling x8  
  81  6:12  Zergling x2  
  66  6:20  Zergling x2  
  66  6:21  Zergling x2  
  66  6:23  Lair  
  60  6:26  Queen  
  60  6:36  Queen  
  60  6:38  Drone x3  
  65  6:43  Drone  
  66  6:49  Overlord  
  65  7:03  Roach x8  
  74  7:09  Queen  
  74  7:25  Queen  
  77  7:30  Roach x2  
  81  7:42  Nydus Network  
  81  7:43  Roach x4  
  88  7:45  Queen  
  86  7:54  Spore Crawler  
  86  7:55  Spore Crawler  
  83  8:00  Roach  
  83  8:01  Roach x4  
  83  8:03  Queen  
  89  8:13  Roach x2  
  84  8:25  Queen  
  80  8:30  Nydus Canal  
  72  8:37  Roach x2  
  72  8:39  Queen  
  72  8:41  Roach  
  70  8:43  Roach  
  70  8:48  Roach  
  73  9:03  Queen  
  73  9:05  Nydus Network  
  73  9:08  Roach  
  68  9:16  Roach x2  
  63  9:21  Roach  
  64  9:29  Roach x2  
  68  9:36  Roach  
Tags
 
Add a new tag
Caveats
  • Supply blocks, unpowered buildings, or Contaminate may cause inaccurate times.
  • Supply counts are checked every 10 seconds.